 Dungeon Crawl Stone Soup version 0.19-a0-414-g76fec5b (webtiles) character file.

100 Skanax the Charlatan (level 5, -6/30 HPs)
             Began as a Kobold Artificer on May 31, 2016.
             Mangled by tstbtto's ghost (7 damage)
             ... on level 4 of the Dungeon.
             The game lasted 00:06:17 (895 turns).

Skanax the Charlatan (Kobold Artificer)              Turns: 895, Time: 00:06:18

Health: -6/30      AC:  4    Str: 11    XL:     5   Next: 3%
Magic:  9/9        EV: 15    Int:  9    God:
Gold:   35         SH:  0    Dex: 17    Spells: 0 memorised, 4 levels left

rFire  . . .     SeeInvis .     a - +0 short sword
rCold  . . .     Gourm    .     b - +0 leather armour
rNeg   . . .     Faith    .     (shield restricted)
rPois  .         Spirit   .     (no helmet)
rElec  .         Dismiss  .     (no cloak)
rCorr  .         Reflect  .     i - +0 pair of gloves
SustAt .         Harm     .     (no boots)
MR     .....                    (no amulet)
Stlth  ++........               (no ring)
                                (no ring)

@: very slightly contaminated, hasted, very quick, not resistant to hostile
enchantments, unstealthy
A: carnivore 3
a: no special abilities


You were on level 4 of the Dungeon.
You were completely stuffed.

You visited 1 branch of the dungeon, and saw 3 of its levels.

You collected 35 gold pieces.

Inventory:

Hand Weapons
 a - a +0 short sword (weapon)
Missiles
 g - 69 stones (quivered)
 k - 12 poisoned needles
Armour
 b - a +0 leather armour (worn)
 i - a +0 pair of gloves (worn)
Wands
 c - a wand of flame (6/48)
 d - a wand of enslavement (13/24)
 e - a wand of random effects (4/48)
Comestibles
 f - a meat ration
 h - a bread ration
 j - a chunk of flesh


   Skills:
 + Level 1.7 Fighting
 + Level 1.7 Short Blades
 + Level 0.2 Throwing
 + Level 0.8 Armour
 + Level 3.2 Dodging
 + Level 1.3 Stealth
 + Level 5.3 Evocations


You had 4 spell levels left.
You didn't know any spells.

Dungeon Overview and Level Annotations

Branches:
Dungeon (2/15)

Altars:
Nemelex Xobeh

Annotations:
D:4 tstbtto's ghost, amateur MiCK


Innate Abilities, Weirdness & Mutations

You are small and have problems with some larger weapons.
You are carnivorous and can eat meat at any time.


Message History

Tstbtto's ghost is severely damaged.
The bolt of lightning misses you.
This wand has 6 charges left.
Evoke which item? (* to show all) (? for menu, Esc to quit)
Zapping:
e - a wand of random effects (6/48)
Press: ? - help, Shift-Dir - straight line, f/p - tstbtto's ghost
Aim: tstbtto's ghost, wielding a weapon of chaos (severely damaged)
The puff of flame hits tstbtto's ghost.
Tstbtto's ghost is almost destroyed.
This wand has 5 charges left.
Tstbtto's ghost hits you!
* * * LOW HITPOINT WARNING * * *
That item cannot be evoked!
Evoke which item? (* to show all) (? for menu, Esc to quit)
Zapping:
e - a wand of random effects (5/48)
Press: ? - help, Shift-Dir - straight line, f/p - tstbtto's ghost
Aim: tstbtto's ghost, wielding a weapon of chaos (almost destroyed) Tstbtto's ghost seems to speed up.
This wand has 4 charges left.
Found 5 gold pieces.
Tstbtto's ghost hits you!
You die...

.....## ##.....##
##.....$.##
#.........###
#............
#.........# #.......#
###########..@..#
#...........W..##
####.....###............
.................#####..
.###..<..#.......#
#.....#.......#
###.##.......##
.#####.##.#....##
........).....##


You could see tstbtto's ghost.

Vanquished Creatures
  An ogre (D:4)
  A ball python (D:1)
  A giant cockroach (D:1)
  3 hobgoblins (D:1)
  2 kobolds (D:1)
  3 bats (D:1)
  A giant newt (D:1)
  4 rats (D:1)
16 creatures vanquished.

Vanquished Creatures (collateral kills)
  A rat (D:1)
1 creature vanquished.

Grand Total: 17 creatures vanquished

Notes
Turn   | Place    | Note
--------------------------------------------------------------
     0 | D:1      | Skanax the Kobold Artificer began the quest for the Orb.
     0 | D:1      | Reached XP level 1. HP: 12/12 MP: 3/3
    76 | D:1      | Found a sparkling altar of Nemelex Xobeh.
   123 | D:1      | Reached skill level 4 in Evocations
   137 | D:1      | Reached XP level 2. HP: 8/16 MP: 5/5
   858 | D:2      | You fall through a shaft for 2 floors!
   858 | D:4      | Noticed a scorpion
   858 | D:4      | Noticed an ogre
   860 | D:4      | Noticed tstbtto's ghost (amateur MiCK)
   876 | D:4      | Killed an ogre
   876 | D:4      | Reached skill level 5 in Evocations
   876 | D:4      | Reached XP level 3. HP: 5/21 MP: 7/7
   876 | D:4      | Reached XP level 4. HP: 7/26 MP: 8/8
   876 | D:4      | Reached XP level 5. HP: 8/30 MP: 9/9
   885 | D:4      | HP: 1/30 [tstbtto's ghost (8)]
   895 | D:4      | Mangled by tstbtto's ghost

Vault maps used:
D:1:      dpeg_arrival_rhombi, nemelex_xobeh_ov_fountains_minmay
D:4:      marbit_many_paths, cheibriados_altar_1, makhleb_heckhound_becter,
          minmay_temple_entry_fiery, kennysheep_generic_room_3,
          uniq_crazy_yiuf_cottage, uniq_grinder, uniq_edmund

Skill      XL: |  1  2 |
---------------+-------+-----
Evocations     | 4 5 |  5.3
Dodging        | 3 |  3.2
Fighting       | |  1.7
Short Blades   | |  1.7
Throwing       | |  0.2
Armour         | |  0.8
Stealth        | |  1.3

Action                   |  1- 3 |  4- 6 || total
-------------------------+-------+-------++-------
Melee: Short sword       |    24 |       ||    24
Throw: Stone             |     6 |       ||     6
Evoke: Wand              |    18 |     4 ||    22
  Use: Scroll            |     2 |       ||     2
  Eat: Chunk             |     8 |       ||     8
Armor: Leather armour    |     5 |       ||     5
Dodge: Dodged            |    20 |     1 ||    21
